 Dungeon Crawl Stone Soup version 0.29-a0-1052-g6990b1bffc (webtiles) character file.

Game seed: 4810127662414519846

195066 jfcaron the Marksgnoll (level 18, 0/145 HPs)
             Began as a Gnoll Hunter on Aug 15, 2022.
             Was the Champion of Nemelex Xobeh.
             Succumbed to a death drake's dark miasma
             ... on level 4 of the Swamp on Aug 18, 2022.
             The game lasted 02:28:22 (43817 turns).

jfcaron the Marksgnoll (Gnoll Hunter)              Turns: 43817, Time: 02:28:23

Health: 0/145      AC: 32    Str: 19      XL:     18   Next: 77%
Magic:  35/35      EV: 13    Int:  7 (8)  God:    Nemelex Xobeh [******]
Gold:   4326       SH: 15    Dex: 16      Spells: 34/43 levels left

rFire   + + .      SeeInvis +   a - +2 demon trident (venom)
rCold   . . .      Faith    .   F - +2 kite shield
rNeg    + . .      Spirit   .   h - +7 chain mail of the Illusory Loafs {rElec rF++ rN+ Int-3}
rPois   +          Reflect  .   l - +2 helmet {Int+3}
rElec   +          Harm     .   p - +2 cloak of the Thief {*Fog Slay-2 SInv Stlth+}
rCorr   .          Rampage  .   r - +2 pair of gloves {hurl}
Will    +....                   U - +0 pair of boots
Stlth   ++........              y - amulet of Vitality {RegenMP++ Regen++}
HPRegen 1.94/turn               j - ring of poison resistance
MPRegen 1.04/turn               t - +4 ring of slaying

@: lethally poisoned (0 -> -18), slowed, very slow
A: fangs 1, strong nose, distributed training, deterioration 1, no potion heal 1
a: Renounce Religion, Draw Escape, Draw Destruction, Draw Summoning, Triple
Draw, Deal Four, Stack Five


You were on level 4 of the Swamp.
You worshipped Nemelex Xobeh.
Nemelex Xobeh was exalted by your worship.
You visited 6 branches of the dungeon, and saw 31 of its levels.
You visited the Abyss 1 time.
You also visited: Sewer and Bailey.

You collected 7144 gold pieces.
You spent 2818 gold pieces at shops.

Inventory:

Hand Weapons
 a - a +2 demon trident of venom (weapon)
 b - a +3 sling of flaming
 G - a +4 broad axe
 L - a +3 flail of holy wrath
 P - a +1 scimitar of flaming
 Z - a +1 demon blade of freezing
Missiles
 q - 2 throwing nets {!f}
 D - 3 curare-tipped darts {!f}
 I - 3 silver javelins {!f}
 W - 2 atropa-tipped darts
 X - 9 boomerangs (quivered)
 Y - 5 javelins
Armour
 h - the +7 chain mail of the Illusory Loafs (worn) {rElec rF++ rN+ Int-3}
   (You took it off an orc warrior on level 9 of the Dungeon)

   Int:       It affects your intelligence (-3).
   rF:        It greatly protects you from fire.
   rElec:     It insulates you from electricity.
   rN:        It protects you from negative energy.
 l - a +2 helmet of intelligence (worn)
 p - the +2 cloak of the Thief (worn) {*Fog Slay-2 SInv Stlth+}
   (You acquired it in a bailey)

   It may release a thick cloud of smoke when the wearer is hurt.
   Slay:      It affects your accuracy & damage with ranged weapons and melee
   (-2).
   SInv:      It lets you see invisible.
   Stlth:     It makes you more stealthy.
 r - a +2 pair of gloves of hurling (worn)
 F - a +2 kite shield (worn)
 U - a +0 pair of boots (worn)
Jewellery
 j - a ring of poison resistance (left hand)
 t - a +4 ring of slaying (right hand)
 x - a ring of protection from cold
 y - the amulet of Vitality (around neck) {RegenMP++ Regen++}
   (You found it on level 14 of the Dungeon)

   [amulet of magic regeneration]

   It increases your rate of magic regeneration.
   Regen:     It increases your rate of health regeneration.
Wands
 e - a wand of polymorph (8)
 i - a wand of quicksilver (3)
 H - a wand of digging (20)
 K - a wand of flame (10)
 M - a wand of roots (13)
 V - a wand of paralysis (12)
Scrolls
 c - 6 scrolls of fear
 d - 15 scrolls of teleportation
 f - 12 scrolls of vulnerability
 m - a scroll of summoning
 n - 4 scrolls of butterflies
 v - 7 scrolls of immolation
 J - 10 scrolls of magic mapping
 N - 6 scrolls of poison
 S - 3 scrolls of blinking
Potions
 g - 11 potions of curing
 o - 3 potions of might
 s - 2 potions of cancellation
 u - a potion of heal wounds
 w - 4 potions of resistance
 A - 2 potions of ambrosia
 B - 3 potions of flight
 C - 4 potions of invisibility
 E - 5 potions of haste
 O - 4 potions of lignification
 T - 3 potions of magic
Miscellaneous
 k - a box of beasts (inert)
 z - a lightning rod (inert)
 Q - a phial of floods (inert)
 R - a tin of tremorstones (inert)


   Skills:
 + Level 13.7 Fighting
 + Level 13.0 Short Blades
 + Level 13.0 Long Blades
 + Level 13.0 Axes
 + Level 13.0 Maces & Flails
 + Level 13.0 Polearms
 + Level 13.0 Staves
 + Level 15.3 Ranged Weapons
 + Level 13.0 Throwing
 + Level 13.0 Armour
 + Level 13.7 Dodging
 + Level 13.2 Stealth
 + Level 13.0 Shields
 + Level 13.0 Unarmed Combat
 + Level 13.0 Spellcasting
 + Level 11.0 Conjurations
 + Level 11.0 Hexes
 + Level 11.0 Summonings
 + Level 11.0 Necromancy
 + Level 11.0 Translocations
 + Level 11.0 Transmutations
 + Level 11.0 Fire Magic
 + Level 11.0 Ice Magic
 + Level 11.0 Air Magic
 + Level 11.0 Earth Magic
 + Level 11.0 Poison Magic
 + Level 14.1 Invocations
 + Level 13.0 Evocations


You had 34 spell levels left.
You knew the following spells:

 Your Spells              Type           Power      Damage    Failure   Level
a - Wereblood             Tmut           20%        N/A       2%          2
b - Swiftness             Air            20%        N/A       4%          3
c - Frozen Ramparts       Ice            40%        1d7       4%          3
d - Apportation           Tloc           40%        N/A       1%          1

Your spell library contained the following spells:

 Spells                   Type           Power      Damage    Failure   Level
 Foxfire                  Conj/Fire      80%        2x1d8     1%          1
 Magic Dart               Conj           80%        1d7       1%          1
 Necrotise                Necr           80%        1d8       1%          1
 Shock                    Conj/Air       80%        1d8       1%          1
 Summon Small Mammal      Summ           80%        N/A       1%          1
 Searing Ray              Conj           40%        2d5       2%          2
 Sublimation of Blood     Necr           20%        N/A       2%          2
 Confusing Touch          Hex            20%        N/A       4%          3
 Conjure Flame            Conj/Fire      20%        6-21      4%          3
 Dazzling Flash           Conj/Hex       40%        N/A       4%          3
 Inner Flame              Hex/Fire       20%        N/A       4%          3
 Airstrike                Air            10%        2d(2-18)  17%         4
 Cause Fear               Hex            10%        N/A       17%         4
 Flame Wave               Conj/Fire      20%        2d7       17%         4
 Fulminant Prism          Conj/Hex       10%        3d9       17%         4
 Ice Form                 Ice/Tmut       20%        N/A       17%         4
 Iskenderun's Mystic Bla  Conj/Tloc      20%        2d6       17%         4
 Summon Ice Beast         Ice/Summ       20%        N/A       17%         4
 Yara's Violent Unravell  Hex/Tmut       10%        3d6       43%         5
 Starburst                Conj/Fire      10%        6d5       95%         6
 Dragon Form              Tmut           10%        N/A       100%        7
 Enfeeble                 Hex            10%        N/A       100%        7
 Summon Hydra             Summ           10%        N/A       100%        7
 Dragon's Call            Summ           10%        N/A       100%        9


Dungeon Overview and Level Annotations

Branches:
Dungeon (15/15)            Temple (1/1) D:7            Lair (5/5) D:9
  Swamp (4/4) Lair:2       Spider (4/4) Lair:2        Slime (0/5) Lair:4
    Orc (2/2) D:9             Elf (0/3) Orc:2        Vaults (0/5) D:13
 Depths (0/4) D:15          Sewer (visited)          Bailey (visited)

Altars:
Ashenzari
Cheibriados
Dithmenos
Elyvilon
Fedhas
Gozag
Hepliaklqana
Kikubaaqudgha
Makhleb
Nemelex Xobeh
Okawaru
Qazlal
Ru
Sif Muna
Trog
Uskayaw
Vehumet
Wu Jian
Xom
Yredelemnul
Zin
The Shining One

Shops:
D:6 =((   D:9 *   Orc:1 !(([   Orc:2 =?(!

Annotations:
Spider:4 2 exclusions, Roxanne


Innate Abilities, Weirdness & Mutations

You have very sharp teeth.
Your uncanny sense of smell can sniff out nearby items.
Your experience applies equally to all skills.
Your body sometimes deteriorates upon taking damage.
Potions are less effective at restoring your health.


Message History

The foul vapour misses you.
Things that are here:
a wand of paralysis (8); a +0 robe; a fenstrider witch corpse You are engulfed in dark miasma.
* * * LOW HITPOINT WARNING * * *
You feel extremely sick.
You block the death drake's attack. x2; The death drake closely misses you.
Unknown command.
Your unstable footing causes you to fumble your attack.
You are engulfed in dark miasma.
You are more poisoned.
You feel extremely sick.
A soul eater comes into view.
The death drake bites you.
* * * LOW HITPOINT WARNING * * *
* * * LOW HITPOINT WARNING * * *
You feel extremely sick.
The death drake bites you but does no damage.
The death drake breathes miasma at you. The foul vapour engulfs you!
You feel yourself slow down.
* * * LOW HITPOINT WARNING * * *
Things that are here:
a wand of paralysis (8); a +0 robe; a fenstrider witch corpse Unknown command.
Your system partially rejects the healing.
You feel much better.
You are engulfed in dark miasma.
You feel as though you will be slow longer.
You feel extremely sick.
The death drake bites you but does no damage. x2
Unknown command.
Aiming: Paralyse
Press: ? - help, Shift-Dir - straight line, f/p - death drake
Aim: a death drake (almost dead, catching its breath, chance to affect: 59%)
The death drake resists with significant effort.
You are engulfed in dark miasma.
You are lethally poisoned!
You feel as though you will be slow longer.
* * * LOW HITPOINT WARNING * * *
You die...
Your body glows with a rainbow of weird colours and disappears.

♣♣♣ ######### ♣♣♣♣♣ ♣~♣♣♣
##.~.♣.~~## ♣♣♣~.~♣♣
~~~.###♣..~♣♣♣~.~♣###..~~~.♣
~~~##~§~.§~~♣~~~~.~~##~~~~~♣♣
♣.##.##~~~..♣§~~~~##~##♣♣♣.~♣♣♣
♣##~~#∩##♣~.♣~.♣##∩#~~# ♣♣..~♣
.#♣~~~#~##~~♣~.##.#~[.♣# ♣~~~.♣
##~~~~#~.##♣~♣##.~#§§§~# ♣.~~.♣
#♣~~.~##~.##♣##k@##~~§~♣#♣.~~♣♣
#~)..~♣#~~~♣#♣~)~#♣~~~~.#)~~.♣
))~~~~.##♣~~~§.♣##.~..§~[#~.~♣♣
.~♣~.~~.##.~~~~##..~~♣..~#♣...♣
~~(~~~~##♣§.3.~♣##.~~~~~~#♣§.♣♣
.~~.♣### ♣~~8.3♣####♣~~~~#.[~♣
.~♣## #.~~♣.§H# ##♣~.#~.♣♣ ♣♣#
~.~#♣♣♣♣♣#k~~..##♣♣#~.♣ # ##~
~##### ##~.♣


You could see a death drake (catching breath) and a soul eater.

Vanquished Creatures
  Mara (Spider:3)
  Nikola (Swamp:1)
  Arachne (Spider:2)
  Jorgrun (D:14)
  Mlioglotl (Swamp:3)
  Donald (Orc:2)
  2 fenstrider witches (Swamp:4)
  2 ghost moths
  An emperor scorpion (Spider:1)
  The ghost of SirDiesAlot the Scorcher, a journeyman DsFE of Vehumet (D:14)
  The ghost of Zeldest the Martial Artist, a journeyman MeTm of Cheibriados (Swamp:1)
  2 ghouls (Swamp:2)
  A broodmother (Spider:2)
  The ghost of Gifaivo the Spry, a journeyman DECj of Sif Muna (Spider:2)
  Nessos (Orc:2)
  5 bunyips
  4 eleionomae
  6 entropy weavers
  2 spark wasps
  A blizzard demon (Swamp:4)
  The ghost of siradein the Green Death, a journeyman DrHu of Fedhas (Lair:1)
  A fire dragon (Swamp:2)
  4 shambling mangroves
  5 vault guards (D:13)
  3 boulder beetles
  10 hydras
  Erolcha (D:9)
  4 catoblepae (Lair:5)
  A spriggan air mage (Swamp:4)
  The ghost of Wiilli the Summoner, a journeyman DESu of Hepliaklqana (D:13)
  7 alligators
  4 centaur warriors
  A ghost crab (Swamp:4)
  4 ogre magi
  The ghost of Heh the Carver, a journeyman OpGl of Okawaru (D:12)
  A jorogumo (Lair:2)
  4 radroaches
  2 tengu warriors (D:15)
  5 two-headed ogres
  A death knight (D:15)
  The ghost of drugrobin the Cleaver, a novice DgGl (D:9)
  27 death yaks
  A dancing weapon (Lair:1)
  A spriggan berserker (Swamp:3)
  Nergalle (Orc:2)
  Urug (Orc:1)
  2 spriggans
  A deep elf knight (D:13)
  2 soul eaters (Swamp:4)
  2 skeletal warriors (D:15)
  Amaemon (D:8)
  10 goliath frogs
  A pharaoh ant (Spider:2)
  5 spriggan druids
  5 orb spiders
  3 steelbarb worms
  A death drake (Swamp:4)
  2 swamp dragons
  2 deep elf pyromancers
  A wizard (D:13)
  A flayed ghost (D:15)
  7 bog bodies
  2 orc knights
  A fire giant zombie (D:15)
  15 wolf spiders
  A necromancer (D:15)
  14 orc sorcerers
  A deep elf zephyrmancer (Swamp:4)
  A sphinx skeleton (D:15)
  3 will-o-the-wisps
  3 ugly things (D:14)
  A moth of wrath (Lair:2)
  4 manticores
  3 cyclopes
  A stone giant skeleton (D:15)
  8 black mambas
  14 elephants
  Maurice (D:8)
  Joseph (D:7)
  2 centaur zombies (D:12)
  3 orange demons
  A cane toad (shapeshifter) (D:13)
  4 torpor snails
  2 gargoyles
  12 cane toads
  Maggie (D:6)
  2 efreet
  A rime drake (Lair:4)
  3 kobold demonologists
  6 komodo dragons
  4 demonic crawlers
  A guardian mummy (D:15)
  2 freezing wraiths (D:15)
  An unseen horror (D:11)
  A tengu conjurer (D:13)
  2 hellwings (Swamp:4)
  6 trolls
  A queen bee (Swamp:2)
  A bloated husk (Swamp:4)
  3 meliai (D:13)
  5 hornets
  A wind drake (Swamp:1)
  3 polar bears
  17 tarantellas
  12 tyrant leeches
  An ettin zombie (D:15)
  4 slime creatures (D:14)
  16 blink frogs
  A centaur simulacrum (D:15)
  19 culicivoras
  23 jumping spiders
  A water elemental (D:14)
  Sigmund (D:3)
  4 shadows
  6 wraiths
  6 wyverns
  A golden eye (shapeshifter) (Swamp:2)
  2 basilisks
  44 yaks
  A neqoxec (Swamp:4)
  29 redbacks
  A steam dragon (D:9)
  15 vampire mosquitoes
  2 chaos spawn (Swamp:4)
  A warg (D:9)
  Edmund (D:6)
  11 swamp worms
  4 acid dragons
  16 water moccasins
  2 sky beasts
  3 ice beasts
  32 orc warriors
  17 ogres
  20 centaurs
  14 wolves
  6 kobold brigands
  14 bullfrogs
  2 necrophages
  3 gnoll sergeants
  3 scorpions
  7 wights
  11 killer bees (D:9)
  7 electric eels
  3 howler monkeys
  4 jellies
  14 orc priests
  5 hounds
  An iguana (D:7)
  31 orc wizards
  20 gnolls
  6 adders
  6 river rats (Sewer)
  2 shadow imps
  2 white imps
  An ufetubus (D:4)
  2 worms
  5 dart slugs
  78 orcs
  5 endoplasms
  A giant cockroach (D:1)
  26 goblins
  11 hobgoblins
  4 jackals (D:1)
  4 quokkas
  11 ball pythons
  14 bats
  3 frilled lizards
  26 kobolds
  24 rats
  10 bushes (Lair:5)
  6 foxfires
  26 fungi
  34 plants
  7 withered plants
1089 creatures vanquished.

Notes
Turn   | Place    | Note
-------+----------+-------------------------------------------
     0 | D:1      | jfcaron the Gnoll Hunter began the quest for the Orb.
     0 | D:1      | Reached XP level 1. HP: 20/20 MP: 1/1
   262 | D:1      | Reached XP level 2. HP: 26/26 MP: 2/2
   377 | D:1      | Reached XP level 3. HP: 31/31 MP: 3/3
   874 | D:2      | Reached skill level 1 in Invocations
  1126 | D:2      | Found a faded altar of an unknown god.
  1136 | D:2      | Reached skill level 1 in Short Blades
  1136 | D:2      | Reached skill level 1 in Long Blades
  1136 | D:2      | Reached skill level 1 in Axes
  1136 | D:2      | Reached skill level 1 in Maces & Flails
  1136 | D:2      | Reached skill level 1 in Polearms
  1136 | D:2      | Reached skill level 1 in Staves
  1136 | D:2      | Reached skill level 1 in Throwing
  1136 | D:2      | Reached skill level 1 in Armour
  1136 | D:2      | Reached skill level 1 in Shields
  1136 | D:2      | Reached skill level 1 in Unarmed Combat
  1136 | D:2      | Reached skill level 1 in Spellcasting
  1136 | D:2      | Reached skill level 1 in Evocations
  1661 | D:2      | Reached XP level 4. HP: 24/38 MP: 5/5
  2239 | D:3      | Reached skill level 1 in Conjurations
  2239 | D:3      | Reached skill level 1 in Hexes
  2239 | D:3      | Reached skill level 1 in Summonings
  2239 | D:3      | Reached skill level 1 in Necromancy
  2239 | D:3      | Reached skill level 1 in Translocations
  2239 | D:3      | Reached skill level 1 in Transmutations
  2239 | D:3      | Reached skill level 1 in Fire Magic
  2239 | D:3      | Reached skill level 1 in Ice Magic
  2239 | D:3      | Reached skill level 1 in Air Magic
  2239 | D:3      | Reached skill level 1 in Earth Magic
  2239 | D:3      | Reached skill level 1 in Poison Magic
  2353 | D:3      | Reached XP level 5. HP: 43/43 MP: 5/7
  2693 | D:3      | Noticed Sigmund
  2707 | D:3      | Killed Sigmund
  2708 | D:3      | Reached skill level 5 in Fighting
  2708 | D:3      | Reached skill level 5 in Dodging
  2708 | D:3      | Reached XP level 6. HP: 37/51 MP: 7/9
  2792 | D:3      | Found a burning altar of Makhleb.
  2792 | D:3      | Found a glowing golden altar of the Shining One.
  2792 | D:3      | Found an opulent altar of Gozag.
  2812 | D:3      | Found a sacrificial altar of Ru.
  2815 | D:3      | Found an iron altar of Okawaru.
  3125 | D:4      | Reached XP level 7. HP: 56/56 MP: 10/10
  3417 | D:5      | Entered Level 5 of the Dungeon
  3439 | D:5      | Reached skill level 9 in Ranged Weapons
  3535 | D:5      | Identified the +1 chain mail of Minor Irritation {Dex+5}
  3553 | D:5      | Found a glowing drain.
  3575 | Sewer    | Entered a sewer
  4162 | Sewer    | Reached XP level 8. HP: 55/63 MP: 12/12
  5345 | D:6      | Found Geniliva's Antique Weapon Emporium.
  5371 | D:6      | Noticed a kobold demonologist
  5403 | D:6      | Noticed a smoke demon
  5496 | D:6      | Killed a kobold demonologist
  5497 | D:6      | Reached XP level 9. HP: 69/69 MP: 14/14
  5565 | D:6      | Noticed Edmund
  5572 | D:6      | Killed Edmund
  5904 | D:6      | Found Neruczeo's Antique Weapon Emporium.
  5973 | D:6      | Found Jiroro's Jewellery Boutique.
  6031 | D:6      | Noticed Maggie
  6038 | D:6      | Killed Maggie
  6039 | D:6      | Reached skill level 5 in Stealth
  6088 | D:6      | Found Ytyrghiw's Magic Scroll Shoppe.
  6116 | D:6      | Reached skill level 5 in Invocations
  6425 | D:6      | Bought an encrusted short sword for 200 gold pieces
  6425 | D:6      | Identified the +8 short sword "Gyuciena" {vorpal, Contam
                  | rN+++ rCorr Dex-4} (You bought it in a shop on level 6 of
                  | the Dungeon)
  6659 | D:7      | Found a staircase to the Ecumenical Temple.
  6678 | Temple   | Entered the Ecumenical Temple
  6885 | Temple   | Became a worshipper of Nemelex Xobeh the Trickster
  7117 | D:7      | Reached skill level 5 in Short Blades
  7117 | D:7      | Reached skill level 5 in Long Blades
  7117 | D:7      | Reached skill level 5 in Axes
  7117 | D:7      | Reached skill level 5 in Maces & Flails
  7117 | D:7      | Reached skill level 5 in Polearms
  7117 | D:7      | Reached skill level 5 in Staves
  7117 | D:7      | Reached skill level 5 in Throwing
  7117 | D:7      | Reached skill level 5 in Armour
  7117 | D:7      | Reached skill level 5 in Shields
  7117 | D:7      | Reached skill level 5 in Unarmed Combat
  7117 | D:7      | Reached skill level 5 in Spellcasting
  7117 | D:7      | Reached skill level 5 in Evocations
  7117 | D:7      | Reached XP level 10. HP: 77/77 MP: 17/17
  7149 | D:7      | Noticed Joseph
  7164 | D:7      | Killed Joseph
  7165 | D:7      | Reached skill level 10 in Ranged Weapons
  7761 | D:7      | Reached * piety under Nemelex Xobeh
  7821 | D:8      | Noticed Maurice
  7831 | D:8      | Killed Maurice
  8324 | D:8      | Noticed an orange demon
  8325 | D:8      | Noticed Amaemon
  8365 | D:8      | Killed Amaemon
  8370 | D:8      | Killed an orange demon
  8595 | D:8      | Received a gift from Nemelex Xobeh
  8962 | D:9      | Noticed a two-headed ogre
  8976 | D:9      | Killed a two-headed ogre
  8987 | D:9      | Found a flagged portal.
  9011 | Bailey   | Entered a bailey
  9564 | Bailey   | Noticed an orc knight
  9570 | Bailey   | Reached skill level 5 in Conjurations
  9570 | Bailey   | Reached skill level 5 in Hexes
  9570 | Bailey   | Reached skill level 5 in Summonings
  9570 | Bailey   | Reached skill level 5 in Necromancy
  9570 | Bailey   | Reached skill level 5 in Translocations
  9570 | Bailey   | Reached skill level 5 in Transmutations
  9570 | Bailey   | Reached skill level 5 in Fire Magic
  9570 | Bailey   | Reached skill level 5 in Ice Magic
  9570 | Bailey   | Reached skill level 5 in Air Magic
  9570 | Bailey   | Reached skill level 5 in Earth Magic
  9570 | Bailey   | Reached skill level 5 in Poison Magic
  9586 | Bailey   | Killed an orc knight
  9587 | Bailey   | Reached XP level 11. HP: 80/85 MP: 20/20
  9880 | Bailey   | Found the +5 scythe "Finisher" {speed, eviscerate}
  9900 | Bailey   | Noticed an orc sorcerer
 10247 | Bailey   | HP: 14/86 [electric eel/bolt of electricity (15)]
 10254 | Bailey   | HP: 14/86 [electric eel/bolt of electricity (8)]
 10256 | Bailey   | HP: 2/86 [electric eel/bolt of electricity (13)]
 10262 | Bailey   | HP: 14/86 [electric eel/bolt of electricity (6)]
 10592 | Bailey   | Acquired 727 gold pieces
 10594 | Bailey   | Acquired the +2 cloak of the Thief {*Fog Slay-2 SInv
                  | Stlth+}
 10594 | Bailey   | Found the +2 cloak of the Thief {*Fog Slay-2 SInv Stlth+}
 10717 | Bailey   | Killed an orc sorcerer
 10773 | Bailey   | Found an iron altar of Okawaru.
 10971 | D:9      | Found Piepn's General Store.
 10976 | D:9      | Bought a potion of degeneration for 16 gold pieces
 11447 | D:9      | Found a staircase to the Orcish Mines.
 11996 | D:6      | Bought a scroll of identify for 26 gold pieces
 11996 | D:6      | Bought a scroll of identify for 26 gold pieces
 11996 | D:6      | Bought 3 scrolls of identify for 78 gold pieces
 11996 | D:6      | Bought a scroll of enchant armour for 97 gold pieces
 11996 | D:6      | Bought a scroll of identify for 26 gold pieces
 11996 | D:6      | Bought a scroll of butterflies for 52 gold pieces
 11996 | D:6      | Bought a scroll of enchant weapon for 97 gold pieces
 11996 | D:6      | Bought a scroll of identify for 26 gold pieces
 11996 | D:6      | Bought a scroll of identify for 26 gold pieces
 11996 | D:6      | Bought a scroll of enchant armour for 97 gold pieces
 12003 | D:6      | Reached skill level 11 in Ranged Weapons
 12003 | D:6      | Reached XP level 12. HP: 94/94 MP: 21/23
 12181 | D:9      | Found a staircase to the Lair.
 12258 | D:9      | Found a runed translucent gate.
 12259 | D:9      | Found a runed translucent gate.
 12259 | D:9      | Identified the +7 chain mail of the Illusory Loafs {rElec
                  | rF++ rN+ Int-3}
 12259 | D:9      | Noticed drugrobin's ghost (novice DgGl)
 12260 | D:9      | Found a runed translucent gate.
 12524 | D:9      | Noticed Erolcha
 12527 | D:9      | Killed Erolcha
 12680 | D:9      | Killed drugrobin's ghost
 13103 | D:10     | Entered Level 10 of the Dungeon
 13281 | D:10     | Reached ** piety under Nemelex Xobeh
 13442 | D:10     | Noticed a two-headed ogre
 13450 | D:10     | Killed a two-headed ogre
 13451 | D:10     | Reached XP level 13. HP: 70/101 MP: 24/24
 15561 | D:9      | Acquired 976 gold pieces
 15563 | D:9      | Acquired 1289 gold pieces
 15587 | D:9      | Bought a scroll of teleportation for 48 gold pieces
 15587 | D:9      | Bought a box of beasts for 640 gold pieces
 15610 | Lair:1   | Entered Level 1 of the Lair of Beasts
 15746 | Lair:1   | Found a runed translucent door.
 15747 | Lair:1   | Found a shimmering altar of Xom.
 15747 | Lair:1   | Noticed siradein's ghost (journeyman DrHu)
 16156 | Lair:1   | Reached *** piety under Nemelex Xobeh
 16942 | Lair:2   | Reached skill level 12 in Ranged Weapons
 16959 | Lair:2   | HP: 16/102 [elephant (11)]
 16965 | Lair:1   | HP: 5/102 [elephant (8)]
 17573 | Lair:2   | Found a staircase to the Swamp.
 18278 | Lair:2   | Identified the +4 rapier of Internal Strife {drain, rF++
                  | rC- Str+6}
 18289 | Lair:2   | Received a gift from Nemelex Xobeh
 18490 | Lair:2   | Found a hole to the Spider Nest.
 18672 | Lair:3   | Reached skill level 10 in Fighting
 18672 | Lair:3   | Reached skill level 10 in Dodging
 19300 | Lair:2   | Reached XP level 14. HP: 38/110 MP: 27/27
 20007 | Lair:3   | Reached skill level 10 in Invocations
 21308 | Lair:4   | Reached **** piety under Nemelex Xobeh
 21386 | Lair:4   | Found a staircase to the Slime Pits.
 21932 | Lair:3   | Reached skill level 10 in Stealth
 22220 | Lair:3   | HP: 16/111 [yak (11)]
 23015 | Lair:5   | Entered Level 5 of the Lair of Beasts
 23262 | Lair:5   | Received a gift from Nemelex Xobeh
 23740 | Lair:5   | Reached skill level 10 in Short Blades
 23740 | Lair:5   | Reached skill level 10 in Long Blades
 23740 | Lair:5   | Reached skill level 10 in Axes
 23740 | Lair:5   | Reached skill level 10 in Maces & Flails
 23740 | Lair:5   | Reached skill level 10 in Polearms
 23740 | Lair:5   | Reached skill level 10 in Staves
 23740 | Lair:5   | Reached skill level 10 in Throwing
 23740 | Lair:5   | Reached skill level 10 in Armour
 23740 | Lair:5   | Reached skill level 10 in Shields
 23740 | Lair:5   | Reached skill level 10 in Unarmed Combat
 23740 | Lair:5   | Reached skill level 10 in Spellcasting
 23740 | Lair:5   | Reached skill level 10 in Evocations
 23740 | Lair:5   | Reached XP level 15. HP: 92/118 MP: 27/29
 23912 | Lair:5   | Reached skill level 13 in Ranged Weapons
 23988 | Lair:5   | HP: 23/118 [catoblepas/blast of calcifying dust (3)]
 23990 | Lair:5   | HP: 4/118 [catoblepas (19)]
 24026 | Lair:5   | HP: 21/118 [six-headed hydra (3)]
 24731 | Lair:5   | Received a gift from Nemelex Xobeh
 24885 | Lair:5   | Reached ***** piety under Nemelex Xobeh
 24995 | Lair:5   | Received a gift from Nemelex Xobeh
 26311 | Lair:1   | Killed siradein's ghost
 26311 | Lair:1   | HP: 18/117 [+3 halberd of chaos (13)]
 26321 | Lair:1   | HP: 10/119 [+3 halberd of chaos (9)]
 26780 | Orc:1    | Entered Level 1 of the Orcish Mines
 27029 | Orc:1    | Found Ciesk's Distillery.
 27118 | Orc:1    | Noticed Urug
 27126 | Orc:1    | Killed Urug
 27197 | Orc:1    | Found Osheputz's Antique Weapon Shop.
 27206 | Orc:1    | Received a gift from Nemelex Xobeh
 27298 | Orc:1    | Found Qiudu's Antique Weapon Shoppe.
 27376 | Orc:2    | Entered Level 2 of the Orcish Mines
 27376 | Orc:2    | Found a staircase to the Elven Halls.
 27389 | Orc:2    | Paralysed by an orc sorcerer for 3 turns
 27554 | Orc:2    | Received a gift from Nemelex Xobeh
 27592 | Orc:2    | Noticed Donald
 27617 | Orc:2    | HP: 7/119 [Donald/+2 demon trident of venom (22)]
 27623 | Orc:2    | HP: 10/119 [Donald/+2 demon trident of venom (8)]
 27625 | Orc:2    | Killed Donald
 28285 | Orc:2    | Noticed Nessos
 28293 | Orc:2    | Killed Nessos
 28423 | Orc:1    | Found Zaigayng's Armour Shop.
 28624 | Orc:2    | Paralysed by an orc sorcerer for 4 turns
 28634 | Orc:2    | Paralysed by an orc sorcerer for 3 turns
 28699 | Orc:2    | Received a gift from Nemelex Xobeh
 28785 | Orc:2    | Paralysed by an orc sorcerer for 3 turns
 28952 | Orc:2    | Paralysed by an orc sorcerer for 5 turns
 28984 | Orc:2    | Found Saiwido's Distillery.
 28998 | Orc:2    | Bought a potion of curing for 36 gold pieces
 28998 | Orc:2    | Bought a potion of curing for 36 gold pieces
 28998 | Orc:2    | Bought a potion of heal wounds for 60 gold pieces
 29014 | Orc:2    | Paralysed by an orc sorcerer for 4 turns
 29108 | Orc:2    | Noticed Nergalle
 29120 | Orc:2    | Killed Nergalle
 29191 | Orc:2    | Found an ancient bone altar of Kikubaaqudgha.
 29206 | Orc:2    | Found Tasopp's Magic Scroll Emporium.
 29218 | Orc:2    | Paralysed by an orc sorcerer for 5 turns
 29275 | Orc:2    | Found a radiant altar of Vehumet.
 29343 | Orc:2    | Found Huev's Jewellery Emporium.
 29356 | Orc:2    | Found Vael's Antique Weapon Shoppe.
 29618 | Orc:2    | Bought the macabre finger necklace {rN+} for 480 gold
                  | pieces
 29618 | Orc:2    | Found the macabre finger necklace {rN+}
 29746 | Orc:1    | Bought a potion of curing for 39 gold pieces
 29746 | Orc:1    | Bought a potion of curing for 39 gold pieces
 29746 | Orc:1    | Bought a potion of curing for 39 gold pieces
 29746 | Orc:1    | Bought a potion of haste for 130 gold pieces
 29746 | Orc:1    | Bought a potion of ambrosia for 104 gold pieces
 29855 | Orc:2    | Bought a scroll of teleportation for 39 gold pieces
 29855 | Orc:2    | Bought a scroll of teleportation for 39 gold pieces
 29855 | Orc:2    | Bought a scroll of magic mapping for 97 gold pieces
 29955 | Orc:1    | Bought a fine rapier for 225 gold pieces
 29955 | Orc:1    | Identified the +0 rapier of Utaenuf {antimagic, rN+} (You
                  | bought it in a shop on level 1 of the Orcish Mines)
 30290 | D:12     | Reached XP level 16. HP: 110/127 MP: 30/30
 30649 | D:12     | Received a gift from Nemelex Xobeh
 30687 | D:12     | Found a runed translucent gate.
 30687 | D:12     | Found a runed translucent gate.
 30687 | D:12     | Found a runed translucent gate.
 30687 | D:12     | Noticed Heh's ghost (journeyman OpGl)
 30689 | D:12     | Found a basalt altar of Yredelemnul.
 30833 | D:12     | Killed Heh's ghost
 30887 | D:13     | Identified the +9 long sword of the Many Friars {venom, rF-
                  | Int+5}
 30992 | D:13     | Found a bloodstained altar of Trog.
 31177 | D:13     | Reached ****** piety under Nemelex Xobeh
 31522 | D:13     | Found a large runed translucent door.
 31523 | D:13     | Found a large runed translucent door.
 31529 | D:13     | Received a gift from Nemelex Xobeh
 31943 | D:13     | Noticed Wiilli's ghost (journeyman DESu)
 32422 | D:13     | Found a gate to the Vaults.
 32596 | D:13     | Killed Wiilli's ghost
 32731 | D:14     | Received a gift from Nemelex Xobeh
 32898 | D:14     | Found a runed translucent door.
 32899 | D:14     | Noticed SirDiesAlot's ghost (journeyman DsFE)
 32899 | D:14     | Found the amulet of Vitality {RegenMP++ Regen++}
 32933 | D:14     | Noticed Jorgrun
 32935 | D:14     | You fall into a shaft and drop 1 floor!
 32935 | D:15     | Entered Level 15 of the Dungeon
 33017 | D:15     | HP: 24/127 [freezing wraith[a death knight] (3)]
 33017 | D:15     | HP: 4/127 [freezing wraith[a death knight] (20)]
 33044 | D:15     | HP: 18/127 [skeletal warrior/+0 long sword[a death knight]
                  | (18)]
 33423 | D:15     | Received a gift from Nemelex Xobeh
 33448 | D:15     | Found an iron altar of Okawaru.
 33978 | D:14     | Killed Jorgrun
 34451 | D:14     | Killed SirDiesAlot's ghost
 34452 | D:14     | Reached skill level 14 in Ranged Weapons
 34714 | D:15     | Received a gift from Nemelex Xobeh
 34779 | D:15     | Found a staircase to the Depths.
 34848 | D:15     | Found a transporter.
 34848 | D:15     | Found a transporter.
 34851 | D:15     | Found a transporter.
 34945 | D:15     | Found a transporter.
 35134 | D:15     | Received a gift from Nemelex Xobeh
 35446 | D:15     | Upgraded the game from 0.29-a0-1043-g569b05d6ff to
                  | 0.29-a0-1047-g7c58e119a4
 35684 | Spider:1 | Entered Level 1 of the Spider Nest
 35836 | Lair:2   | HP: 23/129 [tarantella (6)]
 35841 | Lair:2   | HP: 10/129 [jumping spider (4)]
 35923 | Lair:2   | Reached XP level 17. HP: 114/132 MP: 32/32
 35965 | Lair:2   | Gained mutation: Potions are less effective at restoring
                  | your health. [mutagenic glow]
 36051 | Lair:2   | HP: 22/135 [radroach (16)]
 36101 | Lair:2   | Gained mutation: Your body sometimes deteriorates upon
                  | taking damage. [mutagenic glow]
 36252 | Spider:1 | Reached skill level 10 in Conjurations
 36252 | Spider:1 | Reached skill level 10 in Hexes
 36252 | Spider:1 | Reached skill level 10 in Summonings
 36252 | Spider:1 | Reached skill level 10 in Necromancy
 36252 | Spider:1 | Reached skill level 10 in Translocations
 36252 | Spider:1 | Reached skill level 10 in Transmutations
 36252 | Spider:1 | Reached skill level 10 in Fire Magic
 36252 | Spider:1 | Reached skill level 10 in Ice Magic
 36252 | Spider:1 | Reached skill level 10 in Air Magic
 36252 | Spider:1 | Reached skill level 10 in Earth Magic
 36252 | Spider:1 | Reached skill level 10 in Poison Magic
 36829 | Spider:1 | Received a gift from Nemelex Xobeh
 37183 | Spider:2 | Received a gift from Nemelex Xobeh
 37247 | Spider:2 | Noticed Arachne
 37262 | Spider:2 | Killed Arachne
 37355 | Spider:2 | Received a gift from Nemelex Xobeh
 37368 | Spider:2 | Learned a level 2 spell: Wereblood
 37602 | Spider:2 | Found a runed translucent door.
 37602 | Spider:2 | Noticed Gifaivo's ghost (journeyman DECj)
 37942 | Spider:2 | Received a gift from Nemelex Xobeh
 38081 | Spider:2 | You fall into a shaft and drop 1 floor!
 38600 | Spider:2 | Killed Gifaivo's ghost
 38608 | Spider:2 | Acquired a +2 helmet of intelligence
 38626 | Spider:2 | Learned a level 3 spell: Swiftness
 38630 | Spider:2 | Learned a level 3 spell: Frozen Ramparts
 38698 | Spider:3 | Noticed Mara
 38725 | Spider:3 | Noticed jfcaron's illusion
 38726 | Spider:3 | Killed Mara
 39025 | Spider:3 | Upgraded the game from 0.29-a0-1047-g7c58e119a4 to
                  | 0.29-a0-1052-g6990b1bffc
 39034 | Spider:4 | Entered Level 4 of the Spider Nest
 39786 | Spider:4 | Received a gift from Nemelex Xobeh
 39984 | Spider:4 | Identified Roxanne's Reference Book on Variation
 39984 | Spider:4 | Noticed Roxanne
 40246 | Swamp:1  | Entered Level 1 of the Swamp
 40367 | Swamp:1  | Noticed Nikola
 40534 | Swamp:1  | Killed Nikola
 40691 | Swamp:1  | Identified the +1 leather armour of the Thistle {rElec
                  | rPois Str+4}
 40781 | Swamp:1  | Found a runed translucent gate.
 41007 | Swamp:1  | Found a runed translucent gate.
 41007 | Swamp:1  | Found a runed translucent gate.
 41008 | Swamp:1  | Noticed Zeldest's ghost (journeyman MeTm)
 41011 | Swamp:1  | Received a gift from Nemelex Xobeh
 41097 | Swamp:1  | Noticed Frances
 41102 | Swamp:1  | Noticed Frances
 41102 | Swamp:1  | Frances changed into Frances the storm dragon
 41102 | Swamp:1  | Noticed Frances
 41102 | Swamp:1  | Frances the storm dragon changed into Frances the wind
                  | drake
 41103 | Swamp:1  | Killed Frances the wind drake
 41153 | Swamp:1  | Killed Zeldest's ghost
 41157 | Swamp:1  | Identified the +8 mace of the Onslaught {flame, rCorr}
 41204 | Swamp:2  | Reached XP level 18. HP: 143/143 MP: 34/34
 42098 | Swamp:2  | Reached skill level 15 in Ranged Weapons
 42388 | Swamp:3  | Noticed Mlioglotl
 42399 | Swamp:3  | Killed Mlioglotl
 42616 | Swamp:3  | Learned a level 1 spell: Apportation
 42703 | Swamp:4  | Entered Level 4 of the Swamp
 42964 | Swamp:4  | Acquired 978 gold pieces
 43658 | Swamp:4  | Received a gift from Nemelex Xobeh
 43663 | Abyss:3  | Cast into level 3 of the Abyss (a wizard)
 43685 | Swamp:4  | Escaped the Abyss
 43687 | Swamp:4  | Paralysed by a fenstrider witch for 5 turns
 43693 | Swamp:4  | HP: 28/145 [??? (21)]
 43775 | Swamp:4  | Paralysed by an ogre mage for 3 turns
 43814 | Swamp:4  | HP: 26/145 [death drake (4)]
 43815 | Swamp:4  | HP: 4/145 [death drake/foul vapour (13)]
 43817 | Swamp:4  | Succumbed to a death drake's dark miasma

Illustrated notes

Levels and vault maps discovered:
D:1:      spicycebolla_arrival_risky_transporter, layout_basic,
          minmay_pentomino_p2
D:2:      layout_loops_corners, shapermc_ecumenical_altar_starsandcircs
D:3:      layout_rooms, minmay_overflow_temple_star_hex,
          kennysheep_generic_room_12, uniq_sigmund
D:4:      layout_rooms
D:5:      layout_loops_ring, portal_sewer_entry_d
D:6:      nicolae_cairo_tiling_large_dashed, layout_basic, serial_shops,
          nicolae_stop_n_shop_1, nicolae_shop_advertising_works
          [nicolae_subvault_shop_adworks], shop, shop, dk_noncrumbling_4,
          minmay_misc_feat_cross, serial_bayou_pond_a, uniq_maggie, uniq_edmund
D:7:      layout_gridville, minmay_temple_entry_overgrown, uniq_joseph
D:8:      layout_cave_pools, roderic_batcave, chequers_serial_rivers_small_a,
          uniq_maurice, uniq_amaemon
D:9:      layout_basic, lair_entry_dummy, david_orc_1_choice,
          biasface_ghost_orc_armoury, serial_shops, shop,
          lightli_bailey_entry_fortress, uniq_erolcha
D:10:     layout_loops_ring, nicolae_water_bricks, centaur_isle
D:11:     layout_loops_ring
D:12:     layout_cave_pools, nicolae_yredelemnul_ghost_church
D:13:     layout_basic, grunt_vaults_entry_fortified,
          ebering_ghost_disaster_area, bloody_trog
D:14:     layout_rooms, ebering_ghost_reflecting_pool, nicolae_twisting_strands,
          fountainhead, uniq_jorgrun
D:15:     gammafunk_depths_entry_grave, layout_loops_corners,
          okawaru_ov_weapons_minmay, nicolae_diode_quadrants
Temple:   minmay_crystal_spiral_temple
Lair:1:   layout_cave_pods, ebering_ghost_xom
Lair:2:   layout_loops_ring, skrybe_swamp_entry_bodies,
          hellmonk_spider_entry_life_and_decay, grunt_megastairs_5,
          infiniplex_staircase_pool_2
Lair:3:   layout_gridlike
Lair:4:   layout_hall_layers, dpeg_slime_entry_enclosed, lemuel_fruit_fields,
          grunt_megastairs_1
Lair:5:   evilmike_catoblepas_cave, layout_long_grid, minmay_hedge_maze
Swamp:1:  layout_basic_swamp, ebering_ghost_rock_garden,
          evilmike_swamp_ruin_house_5, swamp_pool3, uniq_nikola, uniq_frances
Swamp:2:  layout_basic_swamp, hangedman_swamp_ruin_wall, swamp_pool1
Swamp:3:  layout_basic_swamp, serial_swamp_ruin, evilmike_swamp_ruin_house_6,
          evilmike_swamp_ruin_house_4, uniq_mlioglotl
Swamp:4:  nzn_swamp_witches_coven, layout_basic_swamp, swamp_pool2
Spider:1: layout_spider_delve, hangedman_spider_tarantella_strand
Spider:2: layout_chambers, gammafunk_ghost_grave, uniq_arachne
Spider:3: layout_spider_delve, uniq_mara
Spider:4: guppyfry_spider_rune, nicolae_spider_claw_tunnel, uniq_roxanne
Orc:1:    layout_caves, serial_shops, nicolae_shop_window_shopping,
          nicolae_shop_behind_doors,
          nicolae_shop_temple_entry_statues_fountains, nicolae_diamond_shop,
          uniq_urug
Orc:2:    kennysheep_orc_mage_school, layout_diamond_mine, uniq_nessos,
          uniq_donald

Skill      XL: |  1  2  3  4  5  6  7  8  9 10 11 12 13 14 15 16 17 18 |
---------------+-------------------------------------------------------+-----
Invocations    | 1 2 3 4 5 6 8 9 10 11 12 13 14 | 14.1
Short Blades   | 1 2 3 5 6 7 9 10 11 12 13 | 13.0
Long Blades    | 1 2 3 5 6 7 9 10 11 12 13 | 13.0
Axes           | 1 2 3 5 6 7 9 10 11 12 13 | 13.0
Maces & Flails | 1 2 3 5 6 7 9 10 11 12 13 | 13.0
Polearms       | 1 2 3 5 6 7 9 10 11 12 13 | 13.0
Staves         | 1 2 3 5 6 7 9 10 11 12 13 | 13.0
Throwing       | 1 2 3 5 6 7 9 10 11 12 13 | 13.0
Armour         | 1 2 3 5 6 7 9 10 11 12 13 | 13.0
Shields        | 1 2 3 5 6 7 9 10 11 12 13 | 13.0
Unarmed Combat | 1 2 3 5 6 7 9 10 11 12 13 | 13.0
Spellcasting   | 1 2 3 5 6 7 9 10 11 12 13 | 13.0
Evocations     | 1 2 3 5 6 7 9 10 11 12 13 | 13.0
Conjurations   | 1 2 3 4 5 6 7 8 9 10 11 | 11.0
Hexes          | 1 2 3 4 5 6 7 8 9 10 11 | 11.0
Summonings     | 1 2 3 4 5 6 7 8 9 10 11 | 11.0
Necromancy     | 1 2 3 4 5 6 7 8 9 10 11 | 11.0
Translocations | 1 2 3 4 5 6 7 8 9 10 11 | 11.0
Transmutations | 1 2 3 4 5 6 7 8 9 10 11 | 11.0
Fire Magic     | 1 2 3 4 5 6 7 8 9 10 11 | 11.0
Ice Magic      | 1 2 3 4 5 6 7 8 9 10 11 | 11.0
Air Magic      | 1 2 3 4 5 6 7 8 9 10 11 | 11.0
Earth Magic    | 1 2 3 4 5 6 7 8 9 10 11 | 11.0
Poison Magic   | 1 2 3 4 5 6 7 8 9 10 11 | 11.0
Fighting       | 5 6 7 8 9 10 11 12 13 | 13.7
Dodging        | 5 6 7 8 9 10 11 12 13 | 13.7
Stealth        | 3 4 5 6 7 8 9 10 11 12 13 | 13.2
Ranged Weapons | 9 10 11 12 13 14 15 | 15.3

Action                   |  1- 3 |  4- 6 |  7- 9 | 10-12 | 13-15 | 16-18 || total
-------------------------+-------+-------+-------+-------+-------+-------++-------
Melee: Quarterstaff      |       |    37 |   110 |   127 |       |       ||   274
       Bite              |       |     3 |     5 |    30 |   111 |   212 ||   361
       Staff             |       |       |    11 |    15 |       |       ||    26
       Flail             |       |       |     4 |    50 |    18 |   136 ||   208
       Scythe            |       |       |       |    86 |   615 |       ||   701
       Punch             |       |       |       |     2 |     6 |       ||     8
       Long sword        |       |       |       |       |    26 |       ||    26
       Demon trident     |       |       |       |       |   153 |  1034 ||  1187
       Scimitar          |       |       |       |       |       |   111 ||   111
       Broad axe         |       |       |       |       |       |    22 ||    22
       Demon blade       |       |       |       |       |       |    40 ||    40
 Fire: Shortbow          |    80 |    13 |   150 |    91 |       |       ||   334
       Sling             |    33 |    16 |       |       |    80 |   151 ||   280
       Arbalest          |       |       |       |    38 |   308 |       ||   346
Throw: Dart              |       |     4 |     2 |    47 |    65 |   133 ||   251
       Javelin           |       |       |       |       |     1 |     9 ||    10
       Boomerang         |       |       |       |       |       |   143 ||   143
Invok: Draw Destruction  |       |       |       |     2 |    10 |    30 ||    42
       Draw Summoning    |       |       |       |       |     5 |    12 ||    17
       Draw Escape       |       |       |       |       |     1 |     1 ||     2
       Triple Draw       |       |       |       |       |     1 |       ||     1
       Deal Four         |       |       |       |       |       |     2 ||     2
Evoke: Wand              |       |       |       |     8 |     7 |    60 ||    75
       Box of beasts     |       |       |       |       |     3 |     6 ||     9
       Tin of tremorston |       |       |       |       |       |    10 ||    10
       Phial of floods   |       |       |       |       |       |     3 ||     3
       Lightning rod     |       |       |       |       |       |    11 ||    11
  Use: Scroll            |       |       |    12 |    15 |     8 |     5 ||    40
       Potion            |       |       |       |     5 |     8 |     6 ||    19
 Stab: Distracted        |       |       |     4 |     2 |     1 |     4 ||    11
       Paralysed         |       |       |       |       |     1 |    11 ||    12
       Sleeping          |       |       |       |       |       |     3 ||     3
       Petrified         |       |       |       |       |       |     3 ||     3
Armor: Ring mail         |     8 |       |       |       |       |       ||     8
       Chain mail        |    34 |    14 |    76 |   151 |   658 |   740 ||  1673
Dodge: Dodged            |    29 |    18 |    52 |   140 |   522 |   489 ||  1250
Block: Kite shield       |       |       |       |       |    94 |   933 ||  1027

Table legend: (Time is in decaauts)
 A = Elapsed time spent in this place.
 B = Non-inter-level travel time spent in this place.
 C = Inter-level travel time spent in this place.
 D = Time resting spent in this place.
 E = Time spent auto-exploring this place.
 F = Levels seen in this place.
 G = Mean time per level.
                   A        B        C        D        E       F      G
               +--------+--------+--------+--------+--------+-----+--------+
         Total |  44180 |  41208 |   2972 |  12625 |  20452 |  34 | 1299.4 |
       Dungeon |  18549 |  16909 |   1640 |   4002 |   9844 |  15 | 1236.6 |
        Temple |    249 |    164 |     85 |      0 |    148 |   1 |  249.0 |
          Lair |  11745 |  11273 |    472 |   4511 |   5020 |   5 | 2349.0 |
         Swamp |   3622 |   3438 |    184 |    853 |   1519 |   4 |  905.5 |
   Spider Nest |   4077 |   3925 |    152 |   1147 |   2024 |   4 | 1019.2 |
  Orcish Mines |   3080 |   2643 |    437 |    751 |   1288 |   2 | 1540.0 |
         Abyss |     23 |     23 |      0 |      0 |      0 |   1 |   23.0 |
         Sewer |    900 |    900 |      0 |    140 |    515 |   1 |  900.0 |
        Bailey |   1930 |   1930 |      0 |   1219 |     91 |   1 | 1930.0 |
               +--------+--------+--------+--------+--------+-----+--------+

Top non-repeatable levels by time:
  Lair:5: 3255 daAuts
  Lair:2: 3255 daAuts
     D:9: 2490 daAuts
   Orc:2: 2325 daAuts
  Lair:1: 2031 daAuts
  Bailey: 1930 daAuts
  Lair:3: 1850 daAuts
    D:13: 1827 daAuts
    D:15: 1660 daAuts
     D:2: 1541 daAuts
     D:7: 1518 daAuts
Spider:2: 1462 daAuts
    D:10: 1457 daAuts
  Lair:4: 1352 daAuts
     D:6: 1272 daAuts
